 Dungeon Sprint DCSS version 0.16-a0-3540-gcd4db26 (webtiles) character file.

305 BluebellGnoll the Frost Mage (level 6, 20/36 HPs)
             Began as an Octopode Ice Elementalist on Jan 9, 2015.
             Was an Initiate of Vehumet.
             Quit the game in the Dungeon (Sprint V: "Ziggurat Sprint").
             The game lasted 00:01:42 (80 turns).

BluebellGnoll the Frost Mage (OpIE)                   Turns: 80, Time: 00:01:42

Health: 20/36      AC:  1    Str: 23    XL:     6   Next: 39%
Magic:  7/19       EV:  7    Int: 31    God:    Vehumet [......]
Gold:   0          SH: 30    Dex: 24    Spells: 5 memorised, 3 levels left

rFire  . . .     SeeInvis +     I - +14 obsidian axe {chop, +Fly Str+3 SInv Curse} (curse)
rCold  . . .     Clarity  .     J - +18 shield of the gong {rElec rN+ MR+ EV-5}
rNeg   + . .     SustAb   .     (helmet restricted)
rPois  .         Gourm    .     (no amulet)
rElec  +         Spirit   .     m - +6 ring of dexterity
rCorr  .         Warding  .     n - +6 ring of dexterity
rMut   .         NoTele   +     o - +6 ring of intelligence
MR     +....                    p - +6 ring of intelligence
Stlth  ++++......               q - +6 ring of strength
                                r - +6 ring of strength
                                (no ring)
                                (no ring)

@: somewhat resistant to hostile enchantments, stealthy
A: almost no armour, amphibious, 8 rings, constrict 8, camouflage 1, gelatinous
body 1
a: Renounce Religion, Evoke Flight


You were in the Dungeon.
You worshipped Vehumet.
Vehumet was noncommittal.
You were not hungry.

You visited 1 branch

Inventory:

Hand weapons
 I - the cursed +14 obsidian axe (weapon) {chop, +Fly Str+3 SInv Curse}
   (You found it in the Dungeon)

   It inflicts extra damage upon your enemies.
   It affects your strength (+3).
   It enhances your eyesight.
   It lets you fly.
   It may recurse itself when equipped.
   It has a curse placed upon it.
Armour
 J - the +18 shield of the gong (worn) {rElec rN+ MR+ EV-5}
   (You found it in the Dungeon)

   It affects your evasion (-5).
   It insulates you from electricity.
   It protects you from negative energy.
   It affects your resistance to hostile enchantments.
Jewellery
 m - a +6 ring of dexterity (left tentacle)
 n - a +6 ring of dexterity (right tentacle)
 o - a +6 ring of intelligence (on tentacle)
 p - a +6 ring of intelligence (on tentacle)
 q - a +6 ring of strength (on tentacle)
 r - a +6 ring of strength (on tentacle)
Magical devices
 a - a wand of disintegration (7)
 j - a wand of fire (5)
 k - a wand of cold (5)
 l - a wand of draining (5)
Scrolls
 i - 4 scrolls of blinking
 u - 4 scrolls of amnesia
 v - 3 scrolls of recharging
 w - 7 scrolls of fog
 x - a scroll of holy word
 y - 5 scrolls of identify
 z - 5 scrolls of remove curse
 A - 2 scrolls of fear
Potions
 d - 10 potions of curing
 e - 10 potions of heal wounds
 f - 6 potions of haste
 g - 7 potions of magic
 h - 3 potions of berserk rage
 B - 2 potions of brilliance
 C - 2 potions of invisibility
 D - 2 potions of restore abilities
 E - 4 potions of resistance
 G - 5 potions of agility
 H - 5 potions of might
Books
 b - a book of Frost

   Spells                             Type                      Level
   a - Freeze                         Ice                          1
   b - Throw Frost                    Conjuration/Ice              2
   c - Ozocubu's Armour               Charms/Ice                   3
   d - Throw Icicle                   Conjuration/Ice              4
   e - Summon Ice Beast               Ice/Summoning                4
   f - Condensation Shield            Ice                          4
Comestibles
 c - 5 bread rations
 s - 42 fruits
 t - 4 meat rations


   Skills:
 - Level 2.0 Dodging
 - Level 2.6 Stealth
 - Level 7.3 Shields
 * Level 6.9 Spellcasting
 - Level 1.0 Conjurations
 + Level 9.4 Ice Magic


You had 3 spell levels left.
You knew the following spells:

 Your Spells              Type           Power        Failure   Level  Hunger
a - Freeze                Ice            ####         1%          1    None
b - Throw Frost           Conj/Ice       #####.       1%          2    None
c - Condensation Shield   Ice            ######....   1%          4    ##.....
d - Summon Ice Beast      Ice/Summ       #####...     14%         4    ##.....
e - Throw Icicle          Conj/Ice       #####...     12%         4    ##.....


Dungeon Overview and Level Annotations

Branches:
Dungeon (1/1)

Altars:
Ashenzari
Cheibriados
Dithmenos
Elyvilon
Fedhas
Gozag
Kikubaaqudgha
Makhleb
Nemelex Xobeh
Okawaru
Qazlal
Ru
Sif Muna
Trog
Vehumet
Xom
Yredelemnul
Zin
The Shining One
Beogh
Jiyva
Lugonu


Innate Abilities, Weirdness & Mutations

You cannot wear most types of armour.
You are amphibious.
You can wear up to eight rings at the same time.
You can use your tentacles to constrict many enemies at once.
Your skin changes colour to match your surroundings (Stealth).
Your rubbery body absorbs attacks (AC +1).


Message History

You start memorising the spell.
You continue memorising.
You continue memorising. x3
You finish memorising.
Spell assigned to 'c'.
Memorise Throw Icicle, consuming 4 spell levels and leaving 7?
You start memorising the spell.
You continue memorising.
You continue memorising. x3
You finish memorising.
Spell assigned to 'd'.
Memorise Summon Ice Beast, consuming 4 spell levels and leaving 3?
You start memorising the spell.
You continue memorising.
You continue memorising. x3
You finish memorising.
Spell assigned to 'e'.
Adjust (i)tems, (s)pells, or (a)bilities?
Adjust which spell? d - Throw Icicle Adjust to which letter? e - Throw Icicle; d - Summon Ice Beast Cast which spell? (? or * to list)
Okay, then.
Okay, then.
Are you sure you want to abandon this character and quit the game? (Confirm with "yes".)

▓▓▓▓▓▓▓
▓.8©8.▓
▓..@..▓
▓.)4).▓
▓.....▓
▓.....▓
▓.....▓
▓▓▓▓▓▓▓


You could see a friendly red devil.

Vanquished Creatures
  2 spriggans (D)
2 creatures vanquished.

Vanquished Creatures (others)
  A spatial maelstrom (D)
1 creature vanquished.

Grand Total: 3 creatures vanquished

Notes
Turn   | Place    | Note
--------------------------------------------------------------
     0 | D        | BluebellGnoll, the Octopode Ice Elementalist, began the quest for the Orb.
     0 | D        | Reached XP level 1. HP: 11/11 MP: 3/3
     0 | D        | Found a viscous altar of Jiyva.
     0 | D        | Found a corrupted altar of Lugonu.
     0 | D        | Found a white marble altar of Elyvilon.
     2 | D        | Found a sparkling altar of Nemelex Xobeh.
     2 | D        | Found a burning altar of Makhleb.
     2 | D        | Found a deep blue altar of Sif Muna.
     3 | D        | Found a bloodstained altar of Trog.
     5 | D        | Banished a spatial maelstrom
     6 | D        | Found an iron altar of Okawaru.
    16 | D        | Found a radiant altar of Vehumet.
    17 | D        | Found a basalt altar of Yredelemnul.
    25 | D        | Found a shimmering altar of Xom.
    44 | D        | Became a worshipper of Vehumet
    50 | D        | Reached skill level 7 in Shields
    50 | D        | Reached XP level 2. HP: 17/17 MP: 4/4
    54 | D        | Learned a level 2 spell: Throw Frost
    54 | D        | Entered arena 1.
    54 | D        | Noticed a spriggan
    54 | D        | Noticed a spriggan
    58 | D        | Killed a spriggan
    58 | D        | Reached skill level 5 in Spellcasting
    58 | D        | Reached XP level 3. HP: 11/21 MP: 4/11
    58 | D        | Reached XP level 4. HP: 14/27 MP: 4/13
    58 | D        | Reached XP level 5. HP: 16/31 MP: 4/15
    60 | D        | Killed a spriggan
    60 | D        | Reached skill level 9 in Ice Magic
    60 | D        | Reached XP level 6. HP: 18/36 MP: 4/19
    70 | D        | Learned a level 4 spell: Condensation Shield
    75 | D        | Learned a level 4 spell: Throw Icicle
    80 | D        | Learned a level 4 spell: Summon Ice Beast
    80 | D        | Quit the game

Action                   |  1- 3 |  4- 6 || total
-------------------------+-------+-------++-------
Melee: Broad axe         |     2 |     2 ||     4
  Use: Potion            |     1 |       ||     1
